 Dungeon Crawl Stone Soup version 0.29.0-11-gd7f09526c8 (webtiles) character file.

Game seed: 14969849718960003695

1211 quinnr the Destroyer (level 8, -1/45 HPs)
             Began as a Tengu Conjurer on Sept 5, 2022.
             Was a Believer of Vehumet.
             Killed from afar by a steam dragon (21 damage)
             ... with a ball of steam
             ... on level 6 of the Dungeon.
             The game lasted 00:13:20 (7147 turns).

quinnr the Destroyer (Tengu Conjurer)               Turns: 7147, Time: 00:13:20

Health: -1/45      AC:  6    Str:  8    XL:     8   Next: 46%
Magic:  11/15      EV: 15    Int: 20    God:    Vehumet [**....]
Gold:   351        SH:  0    Dex: 13    Spells: 9/15 levels left

rFire   . . .      SeeInvis .   r - +3 dagger (venom)
rCold   . . .      Faith    .   (no shield)
rNeg    + . .      Spirit   .   a - +0 robe
rPois   .          Reflect  .   p - +1 hat
rElec   .          Harm     .   m - +0 cloak
rCorr   .          Rampage  .   h - +1 pair of gloves
Will    .....                   (boots unavailable)
Stlth   ++........              (no amulet)
HPRegen 0.15/turn               Y - +4 ring of slaying
MPRegen 0.14/turn               N - ring of positive energy

@: flying quickly and evasively, quick
A: beak, talons 3, nimble flight
a: Renounce Religion


You were on level 6 of the Dungeon.
You worshipped Vehumet.
Vehumet was pleased with you.
You visited 1 branch of the dungeon, and saw 6 of its levels.
You also visited: Sewer.

You collected 351 gold pieces.


Innate Abilities, Weirdness & Mutations

You have a beak for a mouth.
You have claws for feet.
Your magical nature lets you fly swiftly and evasively.


   Skills:
 + Level 2.9 Fighting
 + Level 3.7 Dodging
 - Level 4.0 Stealth
 + Level 4.0 Spellcasting
 + Level 10.9 Conjurations


You had 9 spell levels left.
You knew the following spells:

 Your Spells              Type           Power      Damage    Failure   Level
d - Dazzling Flash        Conj/Hex       50%        N/A       4%          3
m - Magic Dart            Conj           100%       1d8       1%          1
s - Searing Ray           Conj           94%        2d7       1%          2

Your spell library contained the following spells:

 Spells                   Type           Power      Damage    Failure   Level
 Scorch                   Fire           8%         2d5       19%         2
 Beastly Appendage        Tmut           8%         N/A       13%         1
 Fulminant Prism          Conj/Hex       12%        3d9       14%         4
 Iskenderun's Mystic Bla  Conj/Tloc      25%        2d7       14%         4
 Ensorcelled Hibernation  Hex/Ice        8%         N/A       19%         2
 Passwall                 Tmut/Erth      3%         N/A       19%         2
 Wereblood                Tmut           4%         N/A       19%         2
 Spider Form              Tmut/Pois      4%         N/A       36%         3
 Swiftness                Air            4%         N/A       36%         3

Inventory:

Hand Weapons
 l - a +2 dagger of flaming
 r - a +3 dagger of venom (weapon)
Missiles
 n - 3 poisoned darts
Armour
 a - a +0 robe (worn)
 h - a +1 pair of gloves (worn)
 m - a +0 cloak (worn)
 p - a +1 hat (worn)
Jewellery
 N - a ring of positive energy (right hand)
 S - a +6 ring of strength
 Y - a +4 ring of slaying (left hand)
Wands
 i - a wand of flame (17)
Scrolls
 g - a scroll of fog
 j - a scroll of poison
 o - 2 scrolls of amnesia
 s - 3 scrolls of teleportation {unknown}
 t - a scroll of blinking
 u - a scroll of fear {unknown}
Potions
 b - a potion of magic
 c - 2 potions of curing {@q1}
 d - a potion of might {unknown}
 e - a potion of berserk rage {!q}
 f - 2 potions of heal wounds {@q2}
 k - 2 potions of attraction {unknown}
 q - a potion of mutation
 v - a potion of haste {@q3}
 w - 3 potions of degeneration

Dungeon Overview and Level Annotations

Branches:
Dungeon (6/15)             Temple (0/1) D:5           Sewer (visited)

Altars:
Kikubaaqudgha
Vehumet
Yredelemnul

Shops:
D:1 :   D:4 (   D:5 (

Annotations:
D:1 battlesphere book

+...⌠..>..⌠.....#
##...........##.#
##..#####..##..#
####.#####÷###.##
...#.#...#.#...#
.............###
.............#
.............########
...)............@§§.#
..............#####D###
..............#####...#
..................###.#
..............>##.###.#
.............#.# #§..#
.............#.##.#.#...#
.............#....#.#.#.#
.............#.####§#....#


There were no monsters in sight!


Message History

a +0 robe; a +2 halberd
There is a stone staircase leading down here.
You see here a necrophage skeleton.
A steam dragon comes into view.
Casting: Magic Dart (safe; 1% risk of failure)
Confirm with . or Enter, or press ? or * to list all spells.
Aiming: Searing Ray (safe; 1% risk of failure)
Press: ? - help, Shift-Dir - straight line, f - steam dragon
Aim: a steam dragon (asleep, 100% to hit)
The searing ray hits the steam dragon but does no damage.
The steam dragon hisses angrily. (Press . to maintain the ray.)
The steam dragon breathes steam at you. The ball of steam hits you.
Unknown command.
You are engulfed in a cloud of scalding steam.
Unknown command.
Unknown command.
You finish channelling your searing ray.
The steam dragon breathes steam at you. The ball of steam hits you!!
* * * LOW HITPOINT WARNING * * *
Unknown command.
Unknown command.
Unknown command.
You are engulfed in a cloud of scalding steam.
* * * LOW HITPOINT WARNING * * *
The steam dragon breathes steam at you. The ball of steam hits you!!
You die...

Skill      XL: |  1  2  3  4  5  6  7  8 |
---------------+-------------------------+-----
Conjurations   | 6 7 9 10 | 10.9
Fighting       | 1 2 |  2.9
Stealth        | 3 4 |  4.0
Spellcasting   | 3 4 |  4.0
Dodging        | 3 |  3.7

Action                   |  1- 3 |  4- 6 |  7- 9 || total
-------------------------+-------+-------+-------++-------
Melee: Dagger            |       |    10 |    13 ||    23
       Kick              |       |     2 |     2 ||     4
       Peck              |       |     1 |     2 ||     3
 Cast: Magic Dart        |    67 |    31 |    98 ||   196
       Searing Ray       |     2 |    15 |    25 ||    42
       Dazzling Flash    |       |       |     5 ||     5
Evoke: Wand              |       |       |     2 ||     2
  Use: Scroll            |       |       |    12 ||    12
 Stab: Invisible         |       |       |     2 ||     2
       Distracted        |       |       |     1 ||     1
Armor: Robe              |     1 |     4 |     9 ||    14
Dodge: Dodged            |     2 |     9 |    43 ||    54

Levels and vault maps discovered:
D:1:      minmay_arrival_glassed_features, layout_basic, serial_shops,
          nicolae_diamond_shop, ebering_ecumenical_altar_mist,
          serial_bayou_pond_b
D:2:      layout_loops_ring, minmay_snake_closets
D:3:      layout_rooms, vehumet_altar_wand_db,
          mainiacjoe_overflow_concentric_impassable, st_stairs_4,
          minmay_hedge_maze, uniq_terence, uniq_grinder
D:4:      layout_loops_ring, serial_shops, shop, uniq_robin
D:5:      layout_gridville, minmay_temple_entry_from_below_a, serial_shops,
          nicolae_shop_trees
D:6:      layout_basic, mainiacjoe_overflow_brackets, mainiacjoe_overflow_paths,
          portal_sewer_entry_e, grunt_ministairs_15,
          chequers_serial_rivers_micro_c, minmay_crystal_room

Notes
Turn   | Place    | Note
-------+----------+-------------------------------------------
     0 | D:1      | quinnr the Tengu Conjurer began the quest for the Orb.
     0 | D:1      | Reached XP level 1. HP: 10/10 MP: 4/4
   214 | D:1      | Found Xipnotya's Book Shop.
   290 | D:1      | Reached XP level 2. HP: 16/16 MP: 0/6
   408 | D:1      | Reached skill level 6 in Conjurations
   594 | D:1      | Found a faded altar of an unknown god.
   717 | D:1      | Reached skill level 1 in Fighting
   984 | D:1      | You fall into a shaft and drop 1 floor!
  1000 | D:2      | Reached XP level 3. HP: 11/20 MP: 3/7
  1010 | D:2      | Learned a level 2 spell: Searing Ray
  1937 | D:2      | Reached XP level 4. HP: 25/25 MP: 4/8
  2274 | D:2      | Reached skill level 3 in Stealth
  2366 | D:2      | Reached skill level 7 in Conjurations
  2366 | D:2      | Gained mutation: Your magical nature lets you fly swiftly
                  | and evasively. [Tengu growth]
  2366 | D:2      | Reached XP level 5. HP: 29/29 MP: 4/9
  2719 | D:3      | Noticed Terence
  2719 | D:3      | Found a radiant altar of Vehumet.
  2723 | D:3      | Killed Terence
  2825 | D:3      | Noticed an ogre
  2829 | D:3      | Killed an ogre
  2830 | D:3      | Reached skill level 3 in Spellcasting
  2830 | D:3      | Reached XP level 6. HP: 31/34 MP: 5/11
  2836 | D:3      | Became a worshipper of Vehumet
  2947 | D:3      | Reached skill level 4 in Stealth
  3085 | D:3      | Found an ancient bone altar of Kikubaaqudgha.
  3322 | D:3      | Reached skill level 8 in Conjurations
  3325 | D:3      | Noticed Grinder
  3365 | D:3      | Killed Grinder
  3366 | D:3      | Reached skill level 9 in Conjurations
  3366 | D:3      | Reached XP level 7. HP: 25/38 MP: 5/12
  3741 | D:4      | Reached * piety under Vehumet
  3741 | D:4      | Offered knowledge of Sandblast by Vehumet.
  3866 | D:4      | Reached skill level 10 in Conjurations
  4071 | D:4      | Noticed Robin
  4081 | D:4      | Killed Robin
  4348 | D:5      | Entered Level 5 of the Dungeon
  4549 | D:5      | Found a staircase to the Ecumenical Temple.
  4621 | D:5      | Found Less's Antique Weapon Boutique.
  5042 | D:4      | Found Neley's Antique Weapon Boutique.
  6001 | D:6      | Reached skill level 2 in Fighting
  6001 | D:6      | Reached skill level 3 in Dodging
  6001 | D:6      | Reached XP level 8. HP: 39/44 MP: 6/14
  6022 | D:6      | Found a basalt altar of Yredelemnul.
  6182 | D:6      | Found a glowing drain.
  6187 | Sewer    | Entered a sewer
  6373 | Sewer    | Reached ** piety under Vehumet
  6373 | Sewer    | Offered knowledge of Scorch by Vehumet.
  6582 | Sewer    | Learned a level 3 spell: Dazzling Flash
  6601 | Sewer    | Reached skill level 4 in Spellcasting
  7147 | D:6      | Killed from afar by a steam dragon

Vanquished Creatures
  Grinder (D:3)
  2 ice beasts (D:6)
  2 ogres (D:3)
  A necrophage (D:6)
  A scorpion (D:4)
  A wight (D:6)
  2 hounds
  A jelly (D:5)
  Terence (D:3)
  An iguana (D:5)
  Robin (D:4)
  20 adders
  3 river rats (Sewer)
  An ufetubus (D:5)
  A worm (Sewer)
  A dart slug (D:1)
  8 orcs
  15 ball pythons
  6 endoplasms
  8 giant cockroaches
  13 goblins
  15 hobgoblins
  5 jackals
  4 quokkas
  10 bats
  6 frilled lizards
  11 kobolds
  2 rats (D:1)
143 creatures vanquished.

Table legend: (Time is in decaauts)
 A = Elapsed time spent in this place.
 B = Non-inter-level travel time spent in this place.
 C = Inter-level travel time spent in this place.
 D = Time resting spent in this place.
 E = Time spent auto-exploring this place.
 F = Levels seen in this place.
 G = Mean time per level.
                   A        B        C        D        E       F      G
               +--------+--------+--------+--------+--------+-----+--------+
         Total |   6871 |   6677 |    194 |    632 |   4970 |   7 |  981.6 |
       Dungeon |   6064 |   5870 |    194 |    570 |   4398 |   6 | 1010.7 |
         Sewer |    807 |    807 |      0 |     62 |    571 |   1 |  807.0 |
               +--------+--------+--------+--------+--------+-----+--------+

Top non-repeatable levels by time:
     D:2: 1753 daAuts
     D:5: 1035 daAuts
     D:4: 1006 daAuts
     D:1: 983 daAuts
     D:3: 951 daAuts
   Sewer: 807 daAuts
     D:6: 334 daAuts

Table legend:
 A = Non-vault XP
 B = Vault XP
 C = Vault XP percentage of total XP
 D = Non-vault monster count
 E = Vault monster count
 F = Vault count percentage of total count
                 A         B        C        D         E       F
            +---------+---------+-------+---------+---------+-------
      Total |     885 |     846 |  48.9 |      74 |      69 |  48.3
            +---------+---------+-------+---------+---------+-------
        D:1 |      28 |       4 |  12.5 |      17 |       3 |  15.0
        D:2 |      49 |     139 |  73.9 |      15 |      14 |  48.3
        D:3 |     285 |     300 |  51.3 |      19 |       6 |  24.0
        D:4 |     151 |      34 |  18.4 |       9 |      11 |  55.0
        D:5 |     159 |       0 |   0.0 |      11 |       0 |   0.0
        D:6 |     213 |     218 |  50.6 |       3 |       2 |  40.0
      Sewer |       0 |     151 | 100.0 |       0 |      33 | 100.0
            +---------+---------+-------+---------+---------+-------
